 Dungeon Crawl Stone Soup version 0.31-a0-1242-g57893ffec4 (webtiles) character file.

Game seed: 68393977104009347

73644 James the Brawler (level 15, -3/238 HPs)
             Began as a Troll Gladiator on Dec 16, 2023.
             Was a Believer of Uskayaw.
             Slain by a troll (9 damage)
             ... on level 12 of the Dungeon.
             The game lasted 00:53:42 (15108 turns).

James the Brawler (Troll Gladiator)                Turns: 15108, Time: 00:53:43

Health: -3/238     AC:  9    Str: 36    XL:     15   Next: 4%
Magic:  20/20      EV: 11    Int:  6    God:    Uskayaw [**....]
Gold:   1197       SH:  0    Dex: 17    Spells: 14/14 levels left

rFire   . .          .
                       - Unarmed
rCold   . . .        (no shield)
rNeg    . . .        Q - +0 swamp dragon scales
rPois   +            U - melded +1 hat
rElec   .            q - melded +2 cloak {Stlth+}
rCorr   .            (gloves unavailable)
SInv    .            (boots unavailable)
Will    +....        e - amulet of regeneration Stlth
                     C - +6 ring of dexterity
HPRegen 2.19/turn    a - +6 ring of strength
MPRegen 0.17/turn

%: no passive effects
@: berserking, beast-form, very quick
A: beast (slay +4), large, unfitting armour, claws 3, regeneration 1, shaggy fur
1, tough skin 1
a: Begin Untransformation, Renounce Religion, Stomp, Line Pass


You were on level 12 of the Dungeon.
You worshipped Uskayaw.
Uskayaw was aware of your devotion.
You were a hulking beast.
You visited 3 branches of the dungeon, and saw 18 of its levels.
You also visited: Ossuary.

You collected 1302 gold pieces.
You spent 105 gold pieces at shops.

Inventory:

Hand Weapons
 k - the +3 trident of Desperation {flame, Will+}
   (You took it off a spriggan on level 1 of the Lair of Beasts)

   Will+:     It increases your willpower.
 A - a +0 sling
   (You found it on level 5 of the Dungeon)
 R - a +1 long sword of flaming
   (You took it off Maggie on level 7 of the Dungeon)
Missiles
 c - 5 throwing nets {!f}
 s - 2 datura-tipped darts
 B - a curare-tipped dart {!f}
 E - 20 poisoned darts
 F - 6 atropa-tipped darts
 L - 10 boomerangs
 M - 6 javelins
 P - 6 silver javelins
 Y - 9 large rocks (quivered)
Armour
 q - a +2 cloak of stealth (melded)
   (You took it off Crazy Yiuf on level 3 of the Dungeon)
 D - a +0 troll leather armour
   (You found it on level 9 of the Dungeon)
 Q - +0 swamp dragon scales (worn)
   (You took it off Maggie on level 7 of the Dungeon)
 U - a +1 hat (melded)
   (You took it off Gastronok on level 8 of the Dungeon)
 V - a +0 cloak
   (You found it on level 8 of the Dungeon)
 Z - the +0 pearl dragon scales of Eternity {rN+ Str+3}
   (You found it on level 5 of the Lair of Beasts)

   Str+3:     It affects your strength (+3).
   rN+:       It protects you from negative energy.
Jewellery
 a - a +6 ring of strength (right claw)
   (You found it on level 11 of the Dungeon)
 e - an amulet of regeneration (around neck)
   (You found it on level 3 of the Dungeon)
 z - a ring of see invisible
   (You found it on level 1 of the Lair of Beasts)
 C - a +6 ring of dexterity (left claw)
   (You found it on level 10 of the Dungeon)
 K - an amulet of guardian spirit
   (You found it on level 4 of the Lair of Beasts)
 O - the amulet "Saxka" {Faith rF++ rN+++ Str+2 Int-4}
   (You found it on level 5 of the Lair of Beasts)

   [amulet of faith]

   Faith:     It allows you to gain divine favour quickly.
   Str+2:     It affects your strength (+2).
   Int-4:     It affects your intelligence (-4).
   rF++:      It greatly protects you from fire.
   rN+++:     It renders you almost immune to negative energy.
 T - a ring of fire
   (You found it on level 3 of the Dungeon)
Talismans
 h - a beast talisman (active)
   (You found it on level 1 of the Dungeon)
 o - a talisman of death
   (You found it on level 1 of the Lair of Beasts)
 J - the maw talisman of Darkness {rElec rPois rF+ rN+ Int-4}
   (You found it on level 7 of the Dungeon)

   [maw talisman]

   Int-4:     It affects your intelligence (-4).
   rF+:       It protects you from fire.
   rElec:     It insulates you from electricity.
   rPois:     It protects you from poison rN+: It protects you from negative
   energy.
Wands
 d - a wand of iceblast (23)
   (You found it on level 10 of the Dungeon)
 j - a wand of mindburst (12)
   (You found it on level 9 of the Dungeon)
 t - a wand of flame (28)
   (You took it off Ijyb on level 5 of the Dungeon)
 u - a wand of paralysis (3)
   (You found it on level 2 of the Lair of Beasts)
 X - a wand of light (7)
   (You found it on level 8 of the Dungeon)
Scrolls
 b - a scroll of silence {unknown}
 g - 3 scrolls of teleportation {@r4}
 n - a scroll of fear
 w - 3 scrolls of blinking
 y - 3 scrolls of vulnerability {!r}
 N - a scroll of enchant weapon
 W - 3 scrolls of revelation
Potions
 f - 4 potions of brilliance
 i - 3 potions of cancellation
 l - 6 potions of enlightenment
 m - 4 potions of heal wounds {@q2}
 p - a potion of resistance
 r - 9 potions of curing {@q1}
 v - 6 potions of invisibility
 x - 2 potions of ambrosia
 G - 2 potions of berserk rage
 H - 3 potions of lignification {!q}
 I - 2 potions of haste {@q3}
 S - 3 potions of might


   Skills:
 - Level 13.0 Fighting
 - Level 2.0 Throwing
 - Level 5.0 Dodging
 - Level 17.2 Unarmed Combat
 - Level 9.0 Invocations
 + Level 7.2 Shapeshifting


You had 14 spell levels left.
You didn't know any spells.
Your spell library contained the following spells:

 Spells                   Type           Power      Damage    Failure   Level
 Kiss of Death            Conj/Necr      0%         2d5       56%         1
 Magic Dart               Conj           0%         1d3       56%         1
 Necrotise                Necr           0%         1d4       56%         1
 Call Imp                 Summ           0%         N/A       71%         2
 Lesser Beckoning         Tloc           0%         N/A       71%         2
 Scorch                   Fire           0%         2d5       71%         2
 Confusing Touch          Hex            0%         N/A       90%         3
 Gell's Gravitas          Tloc           0%         N/A       90%         3
 Inner Flame              Hex/Fire       0%         N/A       90%         3
 Mephitic Cloud           Conj/Pois/Air  0%         N/A       90%         3
 Teleport Other           Tloc           0%         N/A       90%         3
 Vampiric Draining        Necr           0%         2d6       90%         3
 Anguish                  Hex/Necr       0%         N/A       100%        4
 Cause Fear               Hex            0%         N/A       100%        4
 Dimensional Bullseye     Hex/Tloc       0%         N/A       100%        4
 Dispel Undead            Necr           0%         3d6       100%        4
 Flame Wave               Conj/Fire      0%         2d4       100%        4
 Agony                    Necr           0%         N/A       100%        5
 Summon Forest            Summ/Tloc      0%         N/A       100%        5
 Summon Mana Viper        Hex/Summ       0%         N/A       100%        5
 Summon Cactus Giant      Summ           0%         N/A       100%        6
 Enfeeble                 Hex            0%         N/A       100%        7
 Chain Lightning          Conj/Air       0%         N/A       100%        9


Dungeon Overview and Level Annotations

Branches:
Dungeon (12/15)            Temple (1/1) D:7            Lair (5/5) D:9
 Shoals (0/4) Lair:2       Spider (0/4) Lair:3        Slime (0/5) Lair:4
    Orc (0/2) D:10        Ossuary (visited)

Altars:
Ashenzari
Cheibriados
Dithmenos
Elyvilon
Fedhas
Gozag
Hepliaklqana
Kikubaaqudgha
Makhleb
Nemelex Xobeh
Okawaru
Qazlal
Ru
Sif Muna
Trog
Uskayaw
Vehumet
Wu Jian
Xom
Yredelemnul
Zin
The Shining One
Jiyva

Shops:
D:2 [(?(:

Portals:
Trove: D:11 (give 13 potions of heal wounds)

Annotations:
Lair:5 exclusion: oklob plant


Innate Abilities, Weirdness & Mutations

You are a hulking beast.
Your limbs bulge with bestial killing power. (Slay +4)
You are too large for most types of armour.
You have claws for hands.
Your natural rate of healing is unusually fast.
You are covered in fur. (AC +1)
You have tough skin. (AC +1)


Message History

* * * LOW HITPOINT WARNING * * *
Fannar freezes you!
* * * LOW HITPOINT WARNING * * *
The troll misses you. The troll claws you.
* * * LOW HITPOINT WARNING * * *
The troll barely misses you.
The ice beast hits you but does no damage.
You can now pass through a line of other dancers.
You mangle Fannar!! Fannar hits you with a staff of cold.
* * * LOW HITPOINT WARNING * * *
Fannar freezes you!
* * * LOW HITPOINT WARNING * * *
The troll bites you but does no damage. The troll claws you!
* * * LOW HITPOINT WARNING * * *
The troll claws you!
* * * LOW HITPOINT WARNING * * *
The ice beast hits you but does no damage.
You closely miss Fannar.
Unknown command.
You closely miss Fannar. Fannar hits you but does no damage.
Fannar freezes you.
* * * LOW HITPOINT WARNING * * *
The troll closely misses you. The troll barely misses you.
The troll claws you but does no damage.
The ice beast hits you but does no damage.
Unknown command.
A red film seems to cover your vision as you go berserk!
You feel yourself moving faster!
You feel mighty! Fannar hits you with a staff of cold.
* * * LOW HITPOINT WARNING * * *
Fannar freezes you!
* * * LOW HITPOINT WARNING * * *
The troll barely misses you. The troll claws you!
* * * LOW HITPOINT WARNING * * *
The troll claws you but does no damage. The ice beast barely misses you.
You closely miss Fannar. Fannar hits you with a staff of cold.
* * * LOW HITPOINT WARNING * * *
Fannar freezes you!
* * * LOW HITPOINT WARNING * * *
The troll bites you but does no damage. The troll claws you.
* * * LOW HITPOINT WARNING * * *
The troll barely misses you.
You barely miss the troll.
The ice beast hits you but does no damage.
You claw Fannar! Your claw misses Fannar. You eviscerate Fannar!!!
You kill Fannar!
The ice beast disappears in a puff of smoke!
The troll closely misses you. The troll claws you!
You die...

..# #)).. #.# #...# #)##.
.# #.# #...# #.##. ...
#.# #...# #.### #... #.#
#...# ##.###
.....##[#####...####.....
#......................#.
#....T§...?.....))...#.
#.##.|h<.....<...)...#.
######.#...#.######.
#.#...#.# #. #.#...#.# #.
#.#...#.# ####. #.......#
#.... ###...### #.##.
######...## #.##.
#.........# #.##.


You could see a troll.

Vanquished Creatures
  Gastronok (D:8)
  Kirke (Lair:5)
  Nessos (Lair:5)
  Fannar (D:12)
  A catoblepas (Lair:5)
  5 hydras
  A centaur warrior (D:12)
  The ghost of anet the Nimble, a journeyman DjHW of Hepliaklqana (Lair:1)
  6 death yaks
  4 boulder beetles
  A two-headed ogre (D:12)
  A skyshark (Lair:4)
  3 lindwurms (Lair:5)
  2 cyclopes (D:12)
  2 manticores (D:11)
  14 elephants
  5 black mambas
  Joseph (D:7)
  Maggie (D:7)
  13 cane toads
  A kobold demonologist (D:11)
  2 unseen horrors
  12 komodo dragons
  3 polar bears
  3 trolls
  A hornet (D:7)
  28 blink frogs
  Sigmund (D:6)
  A shadow (D:12)
  2 spriggans (Lair:1)
  A wraith (D:10)
  10 wyverns
  A vampire (D:12)
  4 hogs (Lair:5)
  8 basilisks
  A steam dragon (D:7)
  51 yaks
  Menkaure (D:5)
  15 water moccasins
  8 orc warriors
  3 ice beasts
  2 sky beasts
  3 black bears
  28 wolves
  4 centaurs
  A phantom (D:5)
  13 bullfrogs
  2 kobold brigands (D:11)
  A gnoll sergeant (D:7)
  5 scorpions
  3 wights (D:8)
  5 killer bees (D:9)
  5 howler monkeys (D:8)
  A centaur zombie (Ossuary)
  3 gnoll boudas
  3 sleepcaps
  Crazy Yiuf (D:3)
  6 hounds
  8 orc priests
  Ijyb (D:5)
  3 iguanas
  14 orc wizards
  2 mummies (Ossuary)
  16 gnolls
  21 adders
  A shadow imp (D:8)
  A white imp (D:5)
  3 worms
  3 dart slugs
  47 orcs
  12 endoplasms
  2 giant cockroaches
  13 goblins
  7 hobgoblins
  13 jackals
  11 kobolds
  5 quokkas
  6 ball pythons
  4 bats (D:1)
  2 frilled lizards
  2 goblin zombies (Ossuary)
  13 hobgoblin zombies (Ossuary)
  4 jackal zombies (Ossuary)
  7 kobold zombies (Ossuary)
  8 orc zombies (Ossuary)
  10 rats
  2 rat zombies (Ossuary)
549 creatures vanquished.

Vanquished Creatures (others)
  2 humans (Lair:5)
2 creatures vanquished.

Grand Total: 551 creatures vanquished

Notes
Turn   | Place    | Note
-------+----------+-------------------------------------------
     0 | D:1      | James the Troll Gladiator began the quest for the Orb.
     0 | D:1      | Reached XP level 1. HP: 19/19 MP: 0/0
    49 | D:1      | Reached XP level 2. HP: 27/27 MP: 1/1
   163 | D:1      | Reached skill level 4 in Unarmed Combat
   212 | D:1      | Reached XP level 3. HP: 33/33 MP: 2/2
   664 | D:2      | Found Quriu's Antique Weapon Shoppe.
   667 | D:2      | You fall into a shaft and drop 2 floors!
   694 | D:4      | Reached skill level 5 in Unarmed Combat
   694 | D:4      | Reached XP level 4. HP: 41/41 MP: 3/3
   694 | D:4      | Noticed a scorpion
   702 | D:4      | Killed a scorpion
   703 | D:4      | Reached skill level 6 in Unarmed Combat
   703 | D:4      | Reached XP level 5. HP: 38/48 MP: 4/4
   828 | D:2      | Found Fuxided's Book Shop.
   853 | D:2      | Found Itafonoq's Magic Scroll Boutique.
   990 | D:2      | Found Okhlas Waxt's Armour Shop.
  1034 | D:2      | Found Jat Ralaru's Antique Weapon Emporium.
  1643 | D:3      | Found a runed translucent door.
  1644 | D:3      | Noticed Crazy Yiuf
  2444 | D:4      | Reached XP level 6. HP: 55/55 MP: 5/5
  2893 | D:2      | Bought a scroll of blinking for 105 gold pieces
  3034 | D:5      | Entered Level 5 of the Dungeon
  3082 | D:5      | Noticed Ijyb
  3090 | D:5      | Killed Ijyb
  3091 | D:5      | Reached skill level 7 in Unarmed Combat
  3307 | D:5      | Noticed Menkaure
  3312 | D:5      | Killed Menkaure
  3313 | D:5      | Reached skill level 8 in Unarmed Combat
  3313 | D:5      | Reached XP level 7. HP: 45/63 MP: 6/6
  3471 | D:5      | Reached skill level 1 in Shapeshifting
  3742 | D:6      | Reached XP level 8. HP: 73/75 MP: 7/7
  3945 | D:6      | Noticed Sigmund
  3956 | D:6      | Killed Sigmund
  4083 | D:6      | Reached skill level 5 in Shapeshifting
  4504 | D:6      | Reached skill level 9 in Unarmed Combat
  4839 | D:7      | Identified the maw talisman of Darkness {rElec rPois rF+
                  | rN+ Int-4}
  4847 | D:7      | Noticed a hornet
  4849 | D:7      | Paralysed by a hornet for 1 turns
  4851 | D:7      | Killed a hornet
  4852 | D:7      | Reached XP level 9. HP: 75/84 MP: 8/8
  4956 | D:7      | Reached skill level 10 in Unarmed Combat
  5000 | D:7      | Noticed Joseph
  5013 | D:7      | Killed Joseph
  5092 | D:7      | Found a staircase to the Ecumenical Temple.
  5106 | D:7      | Reached skill level 5 in Fighting
  5129 | Temple   | Entered the Ecumenical Temple
  5137 | Temple   | Became a worshipper of Uskayaw the Reveller
  5269 | D:7      | Noticed Maggie
  5278 | D:7      | Reached * piety under Uskayaw
  5282 | D:7      | Reached ** piety under Uskayaw
  5284 | D:7      | Killed Maggie
  5286 | D:7      | Reached *** piety under Uskayaw
  5509 | D:8      | Noticed Gastronok
  5522 | D:8      | Killed Gastronok
  5523 | D:8      | Reached XP level 10. HP: 12/102 MP: 9/9
  5526 | D:8      | Reached **** piety under Uskayaw
  5532 | D:8      | Reached ***** piety under Uskayaw
  5604 | D:8      | Found a sand-covered staircase.
  5609 | Ossuary  | Entered an ossuary
  5961 | D:8      | Reached skill level 11 in Unarmed Combat
  6360 | D:9      | Reached ****** piety under Uskayaw
  6394 | D:9      | Reached skill level 12 in Unarmed Combat
  6467 | D:9      | Reached XP level 11. HP: 52/111 MP: 10/10
  6490 | D:9      | HP: 2/113 [yak (8)]
  6662 | D:9      | Found a white marble altar of Elyvilon.
  6717 | D:9      | Found an ancient bone altar of Kikubaaqudgha.
  6896 | D:9      | Found a staircase to the Lair.
  6995 | D:9      | Found a sacrificial altar of Ru.
  6997 | D:9      | Found a basalt altar of Yredelemnul.
  7064 | D:9      | Found a hazy altar of Hepliaklqana.
  7275 | D:10     | Entered Level 10 of the Dungeon
  8186 | D:10     | Found a staircase to the Orcish Mines.
  8244 | D:10     | Reached skill level 13 in Unarmed Combat
  8743 | D:11     | Reached skill level 5 in Dodging
  8838 | D:11     | Found a portal to a secret trove of treasure.
  9246 | Lair:1   | Entered Level 1 of the Lair of Beasts
  9366 | Lair:1   | Reached skill level 10 in Fighting
  9407 | Lair:1   | Reached XP level 12. HP: 123/126 MP: 11/11
  9507 | Lair:1   | Reached skill level 14 in Unarmed Combat
  9592 | Lair:1   | Noticed a boulder beetle
  9628 | Lair:1   | HP: 5/128 [basilisk (8)]
  9636 | Lair:1   | Killed a boulder beetle
  9835 | Lair:1   | Found a runed translucent door.
  9843 | Lair:1   | Identified the +3 trident of Desperation {flame, Will+}
  9845 | Lair:1   | Noticed anet's ghost (journeyman DjHW)
 10277 | Lair:1   | Reached XP level 13. HP: 137/137 MP: 11/17
 10692 | Lair:2   | Reached skill level 15 in Unarmed Combat
 10775 | Lair:2   | Found a staircase to the Shoals.
 11140 | Lair:3   | HP: 1/137 [black mamba (14)]
 11196 | Lair:3   | Found a hole to the Spider Nest.
 11227 | Lair:3   | Reached XP level 14. HP: 149/149 MP: 18/18
 12152 | Lair:4   | Reached skill level 16 in Unarmed Combat
 12438 | Lair:4   | Found a viscous altar of Jiyva.
 12438 | Lair:4   | Found a staircase to the Slime Pits.
 12703 | Lair:5   | Entered Level 5 of the Lair of Beasts
 12985 | Lair:5   | Noticed Kirke
 12996 | Lair:5   | Reached skill level 17 in Unarmed Combat
 13007 | Lair:5   | Killed Kirke
 13190 | Lair:5   | Identified the +0 pearl dragon scales of Eternity {rN+
                  | Str+3}
 13308 | Lair:5   | Noticed Nessos
 13318 | Lair:5   | Killed Nessos
 13447 | Lair:5   | Identified the +4 war axe of the Hall of Blades {venom,
                  | Str+4}
 13785 | Lair:5   | Identified the amulet "Saxka" {Faith rF++ rN+++ Str+2
                  | Int-4}
 13793 | Lair:5   | Got the Discourse on Violent Malediction
 14306 | D:3      | Killed Crazy Yiuf
 14464 | Lair:1   | Killed anet's ghost
 14737 | D:12     | Reached XP level 15. HP: 94/159 MP: 20/20
 14956 | D:12     | Identified the +2 ring mail of Jaonotak {-Cast Fly rPois}
 15068 | D:12     | Noticed Fannar
 15105 | D:12     | HP: 9/238 [Fannar/staff of cold (12)]
 15105 | D:12     | HP: 3/238 [troll (6)]
 15108 | D:12     | Killed Fannar
 15108 | D:12     | Slain by a troll

Illustrated notes

Levels and vault maps discovered:
D:1:      dpeg_arrival_orchard, layout_rooms, serial_glass, glass_columns_b,
          glass_columns_b, minivault_14, minivault_14
D:2:      layout_loops_ring, serial_shops, nicolae_shop_tiny_waterfront,
          nicolae_shop_rolling_square, nicolae_shop_tiny_statue_garden, shop,
          shop, dreamdust_princess_bridge
D:3:      layout_rooms, uniq_crazy_yiuf_cottage
D:4:      cheibrodos_old_hovel, layout_basic, nicolae_tricolors
D:5:      layout_gridville, uniq_ijyb, uniq_menkaure
D:6:      layout_basic, chequers_serial_rivers_room_a, uniq_sigmund
D:7:      layout_rooms, minmay_temple_entry_junction, minmay_fractal_squares_5,
          uniq_joseph, uniq_maggie
D:8:      layout_basic, nicolae_ossuary_entry_false_entrances, uniq_gastronok
D:9:      layout_gridville, elyvilon_altar_4, amcnicky_altar_gilded,
          kiku_gazebo_pond_becter, mainiacjoe_overflow_catwalk_spiral,
          minmay_lair_entry_grove
D:10:     layout_cave_pools, david_orc_4, serial_co_window_serial,
          co_window_corner_a, co_window_corner_a, co_window_corner_a,
          co_window_corner_a, co_window_paths_a, co_window_paths_b,
          co_window_corner_a, co_window_corner_a, co_window_of_opportunity_a,
          co_window_2corner, co_window_broadway_b, co_window_2corner,
          co_window_2corner, co_window_paths_e, glass_columns_b,
          glass_columns_b, glass_columns_a
D:11:     layout_gridville, nicolae_trove_entry_diagonal
D:12:     layout_loops_cross, uniq_fannar, uniq_nergalle
Temple:   sentei_temple_godly_chess
Lair:1:   minmay_lair_venomous_thicket, layout_regular_city,
          ebering_ghost_funeral_grove, st_stairs_3, serial_bayou_shore_a,
          grunt_megastairs_2, serial_bayou_shore_b, serial_bayou_shore_b
Lair:2:   layout_chaotic_city, minmay_shoals_entry_centaurs, lemuel_fruit_tree,
          lemuel_fruit_fields
Lair:3:   layout_loops_ring, spider_nest_entry_web_field, patterned_corridor
Lair:4:   layout_loops_ring, dpeg_slime_entry_corner
Lair:5:   grunt_lair_end_beastmaster, layout_loops_ring, uniq_nessos, uniq_kirke

Skill      XL: |  1  2  3  4  5  6  7  8  9 10 11 12 13 14 |
---------------+-------------------------------------------+-----
Unarmed Combat | 4 5 6 8 9 10 12 13 14 15 17 | 17.2
Throwing       | 2 |  2.0
Fighting       | 3 4 7 8 10 11 12 13 | 13.0
Dodging        | 3 5 |  5.0
Shapeshifting  | 3 5 7 |  7.2
Invocations    | 6 7 9 |  9.0

Action                     |  1- 3 |  4- 6 |  7- 9 | 10-12 | 13-15 || total
---------------------------+-------+-------+-------+-------+-------++-------
  Melee: Unarmed           |    94 |   132 |   215 |   426 |   419 ||  1286
         Punch             |     1 |     2 |     7 |    24 |    43 ||    77
         Long sword        |       |       |       |       |     6 ||     6
  Throw: Dart              |       |       |     2 |       |       ||     2
         Large rock        |       |       |       |       |     7 ||     7
 Invoke: Stomp             |       |       |       |     1 |       ||     1
         Line Pass         |       |       |       |     2 |       ||     2
    Use: Scroll            |       |    13 |     7 |     3 |     4 ||    27
         Potion            |       |       |       |     2 |     2 ||     4
   Stab: Sleeping          |       |     2 |       |       |       ||     2
         Paralysed         |       |       |     2 |    22 |    37 ||    61
         Distracted        |       |       |       |       |     1 ||     1
 Armour: Robe              |    60 |    58 |   126 |       |       ||   244
         Swamp dragon scal |       |       |     9 |   356 |   344 ||   709
  Dodge: Dodged            |    47 |    53 |    78 |   162 |   210 ||   550
   Form: Beast             |       |     1 |       |       |     1 ||     2
         Maw               |       |       |       |       |     1 ||     1

Table legend: (Time is in decaauts)
 A = Elapsed time spent in this place.
 B = Non-inter-level travel time spent in this place.
 C = Inter-level travel time spent in this place.
 D = Time resting spent in this place.
 E = Time spent auto-exploring this place.
 F = Levels seen in this place.
 G = Mean time per level.
                   A        B        C        D        E       F      G
               +--------+--------+--------+--------+--------+-----+--------+
         Total |  14891 |  13504 |   1387 |    706 |   9293 |  19 |  783.7 |
       Dungeon |   9671 |   8620 |   1051 |    442 |   6021 |  12 |  805.9 |
        Temple |     15 |     15 |      0 |      0 |      0 |   1 |   15.0 |
          Lair |   4967 |   4631 |    336 |    264 |   3184 |   5 |  993.4 |
       Ossuary |    236 |    236 |      0 |      0 |     88 |   1 |  236.0 |
               +--------+--------+--------+--------+--------+-----+--------+

Top non-repeatable levels by time:
  Lair:1: 1184 daAuts
  Lair:5: 1142 daAuts
     D:4: 1089 daAuts
     D:6: 1072 daAuts
     D:9: 1046 daAuts
    D:10: 1030 daAuts
  Lair:4: 1019 daAuts
    D:11: 974 daAuts
     D:2: 836 daAuts
  Lair:3: 811 daAuts
  Lair:2: 810 daAuts
     D:5: 741 daAuts
     D:8: 689 daAuts
     D:3: 636 daAuts
     D:7: 634 daAuts
